 Dungeon Crawl Stone Soup version 0.27-a0-1525-g1038ab4fd7 (webtiles) character file.

Game seed: 1492027490282323121

107 apoch the Skirmisher (level 4, 0/41 HPs)
             Began as a Minotaur Fighter on July 10, 2021.
             Was a Follower of Qazlal.
             Slain by Grinder (6 damage)
             ... on level 2 of the Dungeon.
             The game lasted 00:04:43 (1755 turns).

apoch the Skirmisher (Minotaur Fighter)             Turns: 1755, Time: 00:04:44

Health: 0/41       AC:  7    Str: 22    XL:     4   Next: 56%
Magic:  3/3        EV: 15    Int:  5    God:    Qazlal [*.....]
Gold:   91         SH: 11    Dex:  9    Spells: 3/3 levels left

rFire    . . .     SeeInvis .   a - +0 long sword
rCold    . . .     Faith    .   c - +0 kite shield
rNeg     . . .     Spirit   .   b - +0 scale mail
rPois    .         Reflect  .   m - +0 hat
rElec    .         Harm     .   (no cloak)
rCorr    .         Rampage  .   (no gloves)
Will     .....                  (no boots)
Stlth    ..........             (no amulet)
HPRegen  0.13/turn              e - +4 ring of evasion
MPRegen  0.08/turn              n - +4 ring of evasion

@: mighty
A: horns 2, retaliatory headbutt
a: Renounce Religion


You were on level 2 of the Dungeon.
You worshipped Qazlal.
Qazlal was aware of your devotion.
You visited 1 branch of the dungeon, and saw 3 of its levels.

You collected 91 gold pieces.

Inventory:

Hand Weapons
 a - a +0 long sword (weapon)
 h - a +0 long sword
Missiles
 k - 15 stones (quivered)
 l - 6 atropa-tipped darts
Armour
 b - a +0 scale mail (worn)
 c - a +0 kite shield (worn)
 m - a +0 hat (worn)
Jewellery
 e - a +4 ring of evasion (left hand)
 n - a +4 ring of evasion (right hand)
Scrolls
 i - 2 scrolls of identify {unknown}
Potions
 f - a potion of haste {unknown}
 g - a potion of attraction {unknown}
 j - a potion of lignification {unknown}


   Skills:
 + Level 4.8 Fighting
 + Level 3.9 Long Blades
 + Level 4.7 Armour
 - Level 3.6 Shields


You had 3 spell levels left.
You didn't know any spells.
Your spell library was empty.

Dungeon Overview and Level Annotations

Branches:
Dungeon (3/15)

Altars:
Qazlal

Annotations:
D:2 Grinder


Innate Abilities, Weirdness & Mutations

You have a pair of horns on your head.
You reflexively headbutt those who attack you in melee.


Message History

Found a murky blue potion.
You throw a stone.
The stone hits Grinder but does no damage.
You throw a stone.
The stone hits Grinder but does no damage.
You hit Grinder. Your headbutt misses Grinder.
Grinder is lightly wounded.
You block Grinder's attack.
You hit Grinder.
Grinder is moderately wounded.
Grinder hits you but does no damage.
Grinder blinks!
Unknown command.
Grinder gestures at you. Pain shoots through your body!
There is a stone staircase leading up here.
You hit Grinder but do no damage.
Grinder is moderately wounded.
Grinder gestures at you.
You suddenly lose the ability to move!
Grinder hits you but does no damage. The worm bites you but does no damage.
Grinder says, "FISH!"
Grinder hits you.
You writhe in agony.
Grinder hits you but does no damage. The worm bites you but does no damage.
Grinder hits you!
You can move again.
Unknown command.
Okay, then.
Grinder gestures at you. Pain shoots through your body!
* * * LOW HITPOINT WARNING * * *
The worm misses you.
You riposte.
You slash the worm! You headbutt the worm!
You kill the worm!
Qazlal accepts your kill.
You climb upwards.
There is a stone staircase leading down here.
You feel very mighty all of a sudden. Grinder hits you.
* * * LOW HITPOINT WARNING * * *
You writhe in agony.
You die...

########.#.#######
#........#.......#
#.########.#######
####.########.# #..........##.#
#..........##.# #####
#..........##.# #....
#############..........##.# #.###
...............5@......##.# #.#
#.....###.......##......#.# #.#
..###..##...)...##......#.# #.#
.##.##.##.......#.......#.# #.#
.#...#..........#....##.#.# #.###
###'####...######.#####.#.###....
.#...#.##..# ##.### #.#.....###
.'...'..#..# #....# #.#<.......
.#)..#.##..# #....# #.####.####


You could see Grinder.

Vanquished Creatures
  An iguana (D:2)
  2 adders
  An adder skeleton (D:2)
  2 worms
  2 dart slugs
  4 endoplasms
  A giant cockroach (D:2)
  8 goblins
  7 hobgoblins
  2 jackals (D:1)
  2 quokkas
  4 ball pythons
  4 bats
  3 frilled lizards
  3 kobolds
  5 rats
51 creatures vanquished.

Vanquished Creatures (others)
  3 fungi (D:2)
  6 plants (D:2)
9 creatures vanquished.

Grand Total: 60 creatures vanquished

Notes
Turn   | Place    | Note
-------+----------+-------------------------------------------
     0 | D:1      | apoch the Minotaur Fighter began the quest for the Orb.
     0 | D:1      | Reached XP level 1. HP: 19/19 MP: 0/0
   133 | D:1      | Reached XP level 2. HP: 27/27 MP: 1/1
   806 | D:2      | Reached XP level 3. HP: 33/33 MP: 2/2
  1058 | D:2      | Reached XP level 4. HP: 41/41 MP: 3/3
  1325 | D:2      | Found a faded altar of an unknown god.
  1423 | D:2      | Became a worshipper of Qazlal Stormbringer
  1423 | D:2      | Reached * piety under Qazlal
  1742 | D:3      | Noticed Grinder
  1748 | D:3      | Paralysed by Grinder for 5 turns
  1755 | D:2      | Slain by Grinder

Illustrated notes

Levels and vault maps discovered:
D:1:      psy_arrival_dodecagon, layout_rooms, hangedman_decor_points,
          st_stairs_13, chequers_serial_rivers_micro_a
D:2:      cheibrodos_greedy_goblins, layout_basic,
          shapermc_ecumenical_altar_mp_urbaneastern
D:3:      layout_rooms, kennysheep_ying_yang,
          mainiacjoe_overflow_concentric_impassable,
          nicolae_overflow_hidden_temple, chequers_serial_rivers_micro_a,
          uniq_grinder

Skill      XL: |  1  2 |
---------------+-------+-----
Fighting       | 4 |  4.8
Armour         | 4 |  4.7
Long Blades    | 3 |  3.9
Shields        | |  3.6

Action                   |  1- 3 |  4- 6 || total
-------------------------+-------+-------++-------
Melee: Long sword        |    56 |    40 ||    96
       Headbutt          |     7 |    10 ||    17
Throw: Stone             |       |    26 ||    26
  Use: Potion            |       |     1 ||     1
Armor: Scale mail        |    21 |    12 ||    33
Dodge: Dodged            |    35 |    19 ||    54
Block: Kite shield       |    32 |    17 ||    49
       Rpst.: Long sword |     7 |     8 ||    15

Table legend: (Time is in decaauts)
 A = Elapsed time spent in this place.
 B = Non-inter-level travel time spent in this place.
 C = Inter-level travel time spent in this place.
 D = Time resting spent in this place.
 E = Time spent auto-exploring this place.
 F = Levels seen in this place.
 G = Mean time per level.
                   A        B        C        D        E       F      G
               +--------+--------+--------+--------+--------+-----+--------+
         Total |   1807 |   1761 |     46 |    386 |    887 |   3 |  602.3 |
       Dungeon |   1807 |   1761 |     46 |    386 |    887 |   3 |  602.3 |
               +--------+--------+--------+--------+--------+-----+--------+

Top non-repeatable levels by time:
     D:2: 1095 daAuts
     D:1: 690 daAuts
     D:3: 22 daAuts
